 Dungeon Crawl Stone Soup version 0.27-a0-1334-g2746e35aca (webtiles) character file.

Game seed: 12239006017821631283

2506 Delamore the Slicer (level 9, 0/61 HPs)
             Began as an Octopode Brigand on June 26, 2021.
             Slain by a gnoll sergeant (9 damage)
             ... on level 6 of the Dungeon.
             The game lasted 00:08:10 (6708 turns).

Delamore the Slicer (Octopode Brigand)              Turns: 6708, Time: 00:08:10

Health: 0/61       AC:  5    Str: 11    XL:     9   Next: 53%
Magic:  9/9        EV: 13    Int: 13    God:
Gold:   519        SH:  0    Dex: 26    Spells: 8/8 levels left

rFire    . . .     SeeInvis .   o - +7 rapier of Sufeol {vorpal, rElec Dex+4}
rCold    . . .     Faith    .   (no shield)
rNeg     . . .     Spirit   .   (helmet restricted)
rPois    .         Reflect  .   (no amulet)
rElec    +         Harm     .   e - +4 ring of protection
rCorr    .         Rampage  .   B - +6 ring of dexterity
Will     .....                  (no ring)
Stlth    ++++++....             (no ring)
HPRegen  0.20/turn              (no ring)
MPRegen  0.11/turn              (no ring)
                                (no ring)
                                (no ring)

@: no status effects
A: almost no armour, amphibious, 8 rings, camouflage 1, gelatinous body 1,
(nimble swimmer 1), tentacles
a: no special abilities


You were on level 6 of the Dungeon.
You visited 1 branch of the dungeon, and saw 6 of its levels.
You also visited: Sewer and Ossuary.

You collected 519 gold pieces.

Inventory:

Hand Weapons
 a - a +2 dagger
 o - the +7 rapier of Sufeol (weapon) {vorpal, rElec Dex+4}
   (You found it on level 5 of the Dungeon)

   It inflicts extra damage upon your enemies.
   It affects your dexterity (+4).
   It insulates you from electricity.
Missiles
 b - 35 poisoned darts (quivered)
 c - 3 curare-tipped darts
 j - 7 atropa-tipped darts
 m - 3 datura-tipped darts
Jewellery
 e - a +4 ring of protection (left tentacle)
 B - a +6 ring of dexterity (right tentacle)
Wands
 q - a wand of polymorph (12)
 y - a wand of iceblast (3)
Scrolls
 d - a scroll of amnesia
 l - a scroll of torment
 t - 2 scrolls of fog {unknown}
 u - 3 scrolls of teleportation {unknown}
 v - 2 scrolls of brand weapon {unknown}
 x - 2 scrolls of identify
 z - 5 scrolls of magic mapping
Potions
 f - a potion of magic {unknown}
 g - 5 potions of brilliance {unknown}
 h - a potion of invisibility {unknown}
 i - a potion of degeneration {unknown}
 k - 3 potions of curing {unknown}
 n - 2 potions of heal wounds {unknown}
 p - 3 potions of lignification {unknown}
 r - 4 potions of haste {unknown}
 s - 4 potions of flight {unknown}
 w - a potion of mutation {unknown}
 A - a potion of might {unknown}


   Skills:
 - Level 5.0 Fighting
 * Level 10.3 Short Blades
 - Level 2.0 Throwing
 - Level 1.0 Dodging
 - Level 10.0 Stealth


You had 8 spell levels left.
You didn't know any spells.
Your spell library was empty.

Dungeon Overview and Level Annotations

Branches:
Dungeon (6/15)              Sewer (visited)         Ossuary (visited)
 Temple: D:4-7

Altars:
Dithmenos
Fedhas
Makhleb
Nemelex Xobeh

Shops:
D:1 !

Annotations:
D:5 2 transporters, Johnny's ghost, novice DEEE


Innate Abilities, Weirdness & Mutations

You cannot wear most types of armour.
You are amphibious.
You can wear up to eight rings at the same time.
Your skin changes colour to match your surroundings (Stealth+).
Your rubbery body absorbs attacks. (AC +1, EV +1)
((You are camouflaged near water. (Stealth+)))
You have tentacles for arms and can constrict up to eight enemies at once.


Message History

You are too injured to fight recklessly!
You are too injured to fight recklessly!
You are too injured to fight recklessly!
You are too injured to fight recklessly!
You are too injured to fight recklessly!
You are too injured to fight recklessly!
You hit the gnoll. You grab the gnoll.
You squeeze the gnoll, but do no damage.
The gnoll is lightly wounded.
You constrict the gnoll, but do no damage.
You puncture the gnoll!
You kill the gnoll!
Okay, then.
Aiming: Iceblast
Press: ? - help, Shift-Dir - straight line The mass of ice explodes!
The iceblast engulfs the gnoll!
You kill the gnoll!
The iceblast engulfs the gnoll sergeant but does no damage.
The iceblast engulfs the gnoll!
The gnoll is heavily wounded.
The gnoll sergeant misses you.
Aiming: Iceblast
Press: ? - help, Shift-Dir - straight line, f - gnoll
Aim: a gnoll, wielding a +0 spear (heavily wounded)
The mass of ice explodes!
The iceblast engulfs the gnoll!
You kill the gnoll!
The iceblast engulfs the gnoll sergeant but does no damage.
The gnoll sergeant hits you from afar with a +2 trident of protection!
The gnoll sergeant closely misses you.
You hit the gnoll sergeant but do no damage.
You grab the gnoll sergeant.
You constrict the gnoll sergeant, but do no damage.
The gnoll sergeant hits you with a +2 trident of protection!
* * * LOW HITPOINT WARNING * * *
You puncture the gnoll sergeant!
You squeeze the gnoll sergeant, but do no damage.
The gnoll sergeant is moderately wounded.
You constrict the gnoll sergeant, but do no damage.
The gnoll sergeant hits you with a +2 trident of protection!
You die...

)[.)....#*,,,,***,,,**,*
#.......#**,,,,*,,,,**,*
........# *,,,,,,,,,*,,*
.##.....####,,,,,,,**,#*
###........#**,,,,***.#
# #.....####*******##.#
# #.....# #.,* *...# #
####.## *#.#####.g.# #
#.# #...@g#)g.# ## #.#
#####))...# .#
#.#########......#
.#####.#.........##...#
.........#########*...#
##...###.## *...#
###..##..### *...# ##
##..##...# *####
.#####...##.##


You could see a gnoll sergeant.

Vanquished Creatures
  A kobold demonologist (D:5)
  Sigmund (D:3)
  A sky beast (D:6)
  A black bear (D:4)
  A necrophage (D:4)
  3 phantoms
  3 kobold brigands
  An elf zombie (Ossuary)
  2 scorpions (D:6)
  A water moccasin skeleton (D:4)
  A howler monkey (D:4)
  A bullfrog zombie (D:6)
  4 hounds
  3 centaur skeletons
  A human zombie (Ossuary)
  3 orc priests
  2 iguanas
  3 iron imps (D:5)
  3 orc wizards
  Natasha (thrice) (D:4)
  A hound skeleton (D:4)
  3 mummies
  18 gnolls
  8 adders
  2 river rats
  A white imp (D:5)
  5 worms
  A dart slug (D:1)
  11 orcs
  9 ball pythons
  5 bats
  7 endoplasms
  3 giant cockroaches
  5 goblins
  13 hobgoblins
  12 jackals
  15 kobolds
  3 quokkas
  3 frilled lizards
  4 gnoll zombies (Ossuary)
  3 goblin zombies (Ossuary)
  4 hobgoblin zombies
  A kobold zombie (D:5)
  2 orc zombies (Ossuary)
  A quokka skeleton (D:4)
  9 rats
188 creatures vanquished.

Vanquished Creatures (others)
  6 plants (D:3)
6 creatures vanquished.

Grand Total: 194 creatures vanquished

Notes
Turn   | Place    | Note
-------+----------+-------------------------------------------
     0 | D:1      | Delamore the Octopode Brigand began the quest for the Orb.
     0 | D:1      | Reached XP level 1. HP: 14/14 MP: 1/1
    21 | D:1      | Found Bootron's Distillery.
    59 | D:1      | Reached XP level 2. HP: 15/19 MP: 2/2
   657 | D:1      | Reached XP level 3. HP: 25/25 MP: 3/3
   905 | D:2      | Found a faded altar of an unknown god.
  2041 | D:3      | You fall into a shaft and drop 2 floors!
  2041 | D:5      | Entered Level 5 of the Dungeon
  2049 | D:5      | Found a burning altar of Makhleb.
  2068 | D:5      | Identified the +7 rapier of Sufeol {vorpal, rElec Dex+4}
  2159 | D:5      | Reached XP level 4. HP: 30/30 MP: 4/4
  2166 | D:5      | Reached XP level 5. HP: 19/36 MP: 5/5
  2212 | D:5      | Found a blossoming altar of Fedhas.
  2223 | D:5      | Found a transporter.
  2223 | D:5      | Found a transporter.
  2223 | D:5      | Noticed an ogre
  2223 | D:5      | Noticed Johnny's ghost (novice DEEE)
  2363 | D:5      | Found a sand-covered staircase.
  2368 | Ossuary  | Entered an ossuary
  2389 | Ossuary  | Reached XP level 6. HP: 32/42 MP: 6/6
  2790 | D:4      | Reached skill level 5 in Short Blades
  2891 | D:4      | Noticed Natasha
  2901 | D:4      | Killed Natasha
  2902 | D:4      | Reached XP level 7. HP: 42/48 MP: 7/7
  3645 | D:3      | Found a sparkling altar of Nemelex Xobeh.
  4122 | D:3      | Noticed Sigmund
  4130 | D:3      | Killed Sigmund
  4323 | D:4      | Reached XP level 8. HP: 48/54 MP: 8/8
  4355 | D:4      | Noticed Natasha
  4358 | D:4      | Killed Natasha
  4363 | D:4      | Noticed Natasha
  4369 | D:4      | Killed Natasha
  4421 | D:4      | Reached skill level 5 in Fighting
  5232 | D:5      | Noticed a kobold demonologist
  5237 | D:5      | Killed a kobold demonologist
  5692 | D:6      | Reached XP level 9. HP: 61/61 MP: 9/9
  5723 | D:6      | Reached skill level 10 in Stealth
  5773 | D:6      | Found a shadowy altar of Dithmenos.
  5928 | D:6      | Found a glowing drain.
  5936 | Sewer    | Entered a sewer
  6561 | D:6      | Reached skill level 10 in Short Blades
  6708 | D:6      | Slain by a gnoll sergeant

Illustrated notes

Levels and vault maps discovered:
D:1:      wander_arrival_desolate, layout_basic, serial_shops, shop,
          grunt_decor_resistance, st_stairs_14
D:2:      layout_basic, hellmonk_ecumenical_altar_pennies_from_heaven,
          st_stairs_5
D:3:      layout_loops_ring, nemelex_xobeh_ov_fountains_minmay,
          serial_bayou_crossing, uniq_crazy_yiuf_cottage, uniq_sigmund
D:4:      layout_loops_ring, minmay_misc_feat_chi, uniq_natasha
D:5:      layout_basic, demons_altar, fedhas_altar_2, gammafunk_ghost_arena,
          nicolae_ossuary_entry_giza, lemuel_flamethrower_2
D:6:      layout_rooms, lemuel_doored_altar, tgw_trog, gup_sewer_entry_bubbles

Skill      XL: |  1  2  3  4  5  6  7  8  9 |
---------------+----------------------------+-----
Short Blades   | 3 4 5 6 8 10 | 10.3
Stealth        | 6 7 8 9 10 | 10.0
Fighting       | 3 4 5 |  5.0
Throwing       | |  2.0
Dodging        | |  1.0

Action                   |  1- 3 |  4- 6 |  7- 9 || total
-------------------------+-------+-------+-------++-------
Melee: Dagger            |    69 |       |       ||    69
       Constrict         |    15 |    16 |    45 ||    76
       Tentacles         |     9 |    10 |    43 ||    62
       Rapier            |     5 |    65 |   223 ||   293
Throw: Dart              |     9 |       |    36 ||    45
Evoke: Wand              |       |       |     2 ||     2
  Use: Scroll            |     3 |     1 |     2 ||     6
 Stab: Sleeping          |     9 |     8 |    32 ||    49
       Distracted        |       |       |     1 ||     1
Armor: Skin              |    13 |     5 |    39 ||    57
Dodge: Dodged            |    54 |    22 |   118 ||   194

Table legend: (Time is in decaauts)
 A = Elapsed time spent in this place.
 B = Non-inter-level travel time spent in this place.
 C = Inter-level travel time spent in this place.
 D = Time resting spent in this place.
 E = Time spent auto-exploring this place.
 F = Levels seen in this place.
 G = Mean time per level.
                   A        B        C        D        E       F      G
               +--------+--------+--------+--------+--------+-----+--------+
         Total |   6658 |   6415 |    243 |   1118 |   3947 |   8 |  832.2 |
       Dungeon |   5894 |   5651 |    243 |    865 |   3647 |   6 |  982.3 |
         Sewer |    385 |    385 |      0 |      0 |    248 |   1 |  385.0 |
       Ossuary |    379 |    379 |      0 |    253 |     52 |   1 |  379.0 |
               +--------+--------+--------+--------+--------+-----+--------+

Top non-repeatable levels by time:
     D:2: 1542 daAuts
     D:4: 1383 daAuts
     D:5: 878 daAuts
     D:1: 752 daAuts
     D:3: 731 daAuts
     D:6: 605 daAuts
   Sewer: 385 daAuts
 Ossuary: 379 daAuts
